 Dungeon Crawl Stone Soup version 0.25-a0-786-g5b70d41e48 (webtiles) character file.

Game seed: 9257322693428353954, levelgen mode: deterministic

16 ReteAZ the Skirmisher (level 2, -9/24 HPs)
             Began as a Mummy Chaos Knight on Apr 18, 2020.
             Was a Plaything of Xom.
             Mangled by a moth of wrath (shapeshifter) (12 damage)
             ... on level 1 of the Dungeon.
             The game lasted 00:01:21 (825 turns).

ReteAZ the Skirmisher (Mummy Chaos Knight)           Turns: 825, Time: 00:01:21

Health: -9/24      AC:  5    Str: 15    XL:     2   Next: 37%
Magic:  2/2        EV: 11    Int: 11    God:    Xom [..*...]
Gold:   90         SH:  0    Dex: 11    Spells: 1/1 levels left

rFire    x . .     SeeInvis +   a - +0 falchion (chaos)
rCold    + . .     Gourm    .   (no shield)
rNeg     + + +     Faith    .   b - +2 leather armour
rPois    ∞         Spirit   .   (no helmet)
rElec    .         Reflect  .   (no cloak)
rCorr    .         Harm     .   (no gloves)
MR       .....                  (no boots)
Stlth    +.........             (no amulet)
HPRegen  0.08/turn              g - ring of see invisible
MPRegen  0.08/turn              (no ring)

@: no status effects
A: no food or potions, fire vulnerability, cold resistance 1, negative energy
resistance 3, torment resistance, unbreathing
a: Renounce Religion


You were on level 1 of the Dungeon.
You worshipped Xom.
You were a toy of Xom.
You were not hungry.

You visited 1 branch of the dungeon, and saw 1 of its levels.

You collected 90 gold pieces.

Inventory:

Hand Weapons
 a - a +0 falchion of chaos (weapon)
Armour
 b - a +2 leather armour (worn)
Jewellery
 g - a ring of see invisible (left hand)
Scrolls
 c - 2 scrolls of remove curse {unknown}
 d - 2 scrolls of identify {unknown}
 e - a scroll of fog {unknown}
 f - a scroll of teleportation {unknown}


   Skills:
 + Level 3.1 Fighting
 * Level 2.7 Long Blades
 + Level 1.8 Armour
 + Level 1.1 Dodging


You had one spell level left.
You didn't know any spells.
Your spell library was empty.

Dungeon Overview and Level Annotations

Branches:
Dungeon (1/15)

Altars:


Innate Abilities, Weirdness & Mutations

You do not eat or drink.
Your flesh is vulnerable to fire.
You are immune to poison.
Your flesh is cold resistant. (rC+)
You are immune to negative energy. (rN+++)
You are immune to unholy pain and torment.
You can survive without breathing.


Message History

The moth of wrath is moderately wounded. "Heh heh heh..."
The moth of wrath looks rather confused.
You hit the moth of wrath.
The moth of wrath suddenly stops moving!
The moth of wrath is moderately wounded.
The helpless moth of wrath fails to defend itself.
You hit the moth of wrath. You freeze the moth of wrath.
The moth of wrath is heavily wounded.
The moth of wrath is no longer paralysed.
The moth of wrath bites you!
Ouch! That really hurt!
* * * LOW HITPOINT WARNING * * *
The moth of wrath bites you.
* * * LOW HITPOINT WARNING * * *
The moth of wrath wildly waves its antennae.
The moth of wrath bites you!
Ouch! That really hurt!
You die...
Xom guffaws!

#!....# #.#
###.#.############.###
#.#................#
###.#..............#.#
.....###############.#
.###.####### #.# .# #.#.....#
#.# .# #.#.....#########.# .#
#.#...!.....y@....# .#
#.#.....###########
.###.#.....# .†>..###.######
###..##.......########
#..##..####....%...# ##########
#..##..##..........###.........
#..##..##.###............######
#.....H...# #.##...###.#.#


You could see a moth of wrath shaped shifter (confused).

Vanquished Creatures
  A goblin (D:1)
  6 jackals (D:1)
  3 kobolds (D:1)
  A ball python (D:1)
  2 bats (D:1)
  A rat (D:1)
14 creatures vanquished.

Notes
Turn   | Place    | Note
-------+----------+-------------------------------------------
     0 | D:1      | ReteAZ the Mummy Chaos Knight began the quest for the Orb.
     0 | D:1      | Reached XP level 1. HP: 18/18 MP: 1/1
    15 | D:1      | XOM: silly message
    21 | D:1      | XOM: potion effect (brilliance)
    44 | D:1      | Reached skill level 1 in Dodging
   181 | D:1      | XOM: silly message
   246 | D:1      | Reached XP level 2. HP: 24/24 MP: 2/2
   431 | D:1      | XOM: divination: detect items
   543 | D:1      | XOM: silly message
   758 | D:1      | Noticed a shapeshifter
   758 | D:1      | a kobold changed into a shapeshifter
   758 | D:1      | Noticed a fire crab
   758 | D:1      | a shapeshifter changed into a fire crab
   758 | D:1      | Noticed a hippogriff
   758 | D:1      | a fire crab changed into a hippogriff
   759 | D:1      | XOM: cast spell 'Cause Fear'
   782 | D:1      | XOM: noise
   799 | D:1      | Noticed a manticore
   810 | D:1      | XOM: cast spell 'Metabolic Englaciation'
   812 | D:1      | Noticed a fire crab
   812 | D:1      | a manticore changed into a fire crab
   816 | D:1      | Noticed a moth of wrath
   816 | D:1      | a fire crab changed into a moth of wrath
   819 | D:1      | XOM: confuse monster(s)
   825 | D:1      | Mangled by a moth of wrath (shapeshifter)

Levels and vault maps discovered:
D:1:      roderic_chinese_lattice_arrival, layout_loops_ring,
          minmay_pentomino_o2

Skill      XL: |  1 |
---------------+----+-----
Dodging        | 1 |  1.1
Fighting       | |  3.1
Long Blades    | |  2.7
Armour         | |  1.8

Action                   || total
-------------------------++-------
Melee: Falchion          ||    64
 Stab: Paralysed         ||     2
Armor: Leather armour    ||    26
Dodge: Dodged            ||    38
       Rpst.: Falchion   ||    12

Table legend:
 A = Non-vault XP
 B = Vault XP
 C = Vault XP percentage of total XP
 D = Non-vault monster count
 E = Vault monster count
 F = Vault count percentage of total count
                 A         B        C        D         E       F
            +---------+---------+-------+---------+---------+-------
      Total |      22 |       1 |   4.3 |      13 |       1 |   7.1
            +---------+---------+-------+---------+---------+-------
        D:1 |      22 |       1 |   4.3 |      13 |       1 |   7.1
            +---------+---------+-------+---------+---------+-------
